Description

caual ladder game

Replay - heromarine tvt standerd

Build Order

Get SALT Encoding   

  12  0:01  SCV  
  13  0:13  SCV  
  14  0:17  Supply Depot  
  14  0:25  SCV  
  15  0:28  Refinery  
  15  0:39  SCV  
  16  0:44  Barracks  
  16  0:51  SCV  
  17  1:03  SCV  
  18  1:15  SCV  
  19  1:31  Reaper, Orbital Command  
  20  1:47  Command Center  
  20  1:56  SCV  
  20  2:00  Factory  
  21  2:06  Barracks Reactor  
  21  2:09  SCV  
  21  2:14  Supply Depot  
  22  2:21  SCV  
  23  2:23  Refinery  
  23  2:48  Starport  
  23  2:53  Hellion x2  
  27  2:59  Orbital Command  
  27  3:03  Barracks Tech Lab  
  27  3:05  Orbital Command  
  28  3:08  Liberator  
  28  3:14  Hellion x2  
  37  3:36  Hellion x2  
  43  3:43  Supply Depot  
  45  4:01  Supply Depot  
  46  4:04  Marine x2, Cyclone  
  46  4:09  Starport Tech Lab  
  54  4:24  Marine x2  
  54  4:28  Raven  
  60  4:31  Supply Depot  
  61  4:40  Command Center  
  62  4:51  Marine x2  
  56  5:04  Siege Tank  
  59  5:11  Barracks  
  59  5:16  Barracks  
  59  5:18  Starport Reactor  
  59  5:19  Stimpack, Refinery x2, Marine  
  62  5:33  Engineering Bay x2  
  64  5:37  Marine  
  64  5:39  Siege Tank  
  70  5:54  Orbital Command  
  70  5:55  Marine x2  
  73  6:00  Starport Reactor  
  73  6:02  Terran Infantry Weapons Level 1, Terran Infantry Armor Level 1  
  75  6:08  Barracks x2  
  82  6:19  Siege Tank  
  88  6:38  Medivac x2  
  93  6:52  Siege Tank  
  104  6:55  Refinery x2  
  104  6:59  Combat Shield  
  104  7:00  Barracks Reactor  
  108  7:08  Barracks Reactor  
  114  7:20  Armory  
  114  7:26  Siege Tank  
  124  7:31  Medivac  
  124  7:35  Medivac  
  139  7:58  Siege Tank  
  139  7:59  Command Center  
  146  8:14  Factory  
Spawning Tool Build Advisor. Get it on Overwolf

Go to:

Details

  • Created by: wookiemonsta
  • Published on: Dec 21, 2019
  • Modified on: Dec 21, 2019
  • Patch: 4.11.0
Show
View Real Time Build Order
Export as new Build Order

Comments (0)

There are no comments. Be the first!

Create an account to comment!